Map: Ruins of Seras

Players

ReiToR - Winner!

  • Race: Terran Terran
  • League: Grandmaster

Wahaja

  • Race: Terran Terran
  • League: Master

VOD

Have the link to the VOD?

Description

http://www.twitch.tv/reitoreq

Time

  • Played on: Feb. 17, 2016, 8:09 a.m.
  • Length: 11:46
Show
View Real Time Build Order
Export as new Build Order

ReiToR Terran - Winner!

Build Orders: Reaper Expand, Bio Tank 

Get SALT Encoding   

  12  0:01  SCV  
  13  0:13  SCV  
  14  0:19  Supply Depot  
  14  0:25  SCV  
  15  0:40  SCV  
  15  0:42  Barracks  
  16  0:45  Refinery  
  16  0:52  SCV  
  17  1:04  SCV  
  18  1:16  SCV  
  19  1:29  Orbital Command  
  19  1:30  Reaper  
  20  1:44  Command Center  
  20  1:51  Supply Depot  
  20  1:55  SCV  
  21  2:07  Factory  
  21  2:11  Refinery  
  21  2:12  Marine  
  22  2:17  SCV  
  23  2:29  Marine, SCV  
  25  2:41  SCV  
  25  2:47  Marine  
  25  2:52  Factory Tech Lab  
  25  2:53  SCV  
  25  2:54  Starport  
  26  3:05  SCV  
  26  3:06  Barracks Reactor  
  26  3:17  SCV, Supply Depot  
  26  3:19  Orbital Command  
  27  3:20  Siege Tank  
  30  3:29  SCV  
  31  3:36  Medivac  
  33  3:42  SCV  
  33  3:45  SCV  
  35  3:50  Barracks  
  35  3:52  Barracks  
  35  3:54  SCV  
  36  3:59  Marine x2  
  37  4:04  Siege Tank  
  37  4:09  SCV x2  
  42  4:17  Marine, Supply Depot  
  42  4:18  Starport Tech Lab  
  42  4:21  SCV  
  42  4:22  SCV  
  42  4:23  Refinery  
  45  4:25  Marine  
  46  4:33  SCV  
  46  4:34  SCV  
  48  4:39  Supply Depot  
  48  4:45  SCV, Barracks Reactor  
  49  4:47  SCV  
  49  4:50  Starport Reactor  
  50  4:57  SCV  
  50  4:59  SCV  
  52  5:01  Engineering Bay  
  52  5:02  Stimpack  
  52  5:03  Siege Tank  
  52  5:04  Marine x2  
  57  5:17  Marine  
  58  5:22  Marine  
  58  5:23  SCV  
  58  5:24  SCV  
  58  5:26  Marine  
  62  5:29  Refinery  
  62  5:32  Viking  
  62  5:33  Viking, Command Center  
  66  5:35  SCV  
  66  5:37  Marine x2  
  69  5:43  Supply Depot  
  69  5:45  Supply Depot  
  69  5:50  SCV  
  70  5:57  Terran Infantry Weapons Level 1  
  70  6:04  Marine x4, SCV x2  
  70  6:07  Medivac  
  70  6:08  Medivac  
  77  6:11  Supply Depot  
  77  6:15  Marine  
  75  6:20  SCV x2  
  75  6:22  Marine x4  
  79  6:33  Marine  
  80  6:47  Marine x3  
  80  6:48  SCV x2  
  85  6:55  Engineering Bay, Barracks x3  
  85  6:57  Supply Depot x2, Armory  
  85  6:59  Marine x2  
  84  7:08  Marine x2  
  73  7:09  Marine  
  73  7:10  Siege Tank, Medivac  
  80  7:17  Marine x2  
  80  7:18  SCV  
  80  7:19  Orbital Command  
  83  7:23  Supply Depot  
  83  7:26  Marine x2, Terran Infantry Armor Level 1  
  83  7:27  Marine  
  83  7:28  SCV  
  87  7:34  Marine  
  87  7:35  Marine  
  90  7:37  SCV, Combat Shields  
  90  7:40  Supply Depot  
  90  7:41  Orbital Command  
  90  7:42  Supply Depot  
  91  7:45  Barracks Reactor x3  
  91  7:48  Terran Vehicle Weapons Level 1  
  90  7:57  SCV  
  91  7:59  Medivac  
  91  8:00  Marine x2  
  91  8:01  Marine  
  91  8:02  SCV  
  97  8:10  Terran Infantry Weapons Level 2  
  97  8:15  Refinery  
  97  8:16  Marine x2  
  99  8:21  Marine x9  
  108  8:27  Siege Tank, Factory  
  111  8:42  Marine  
  111  8:43  Marine x10  
  122  8:52  Viking x2  
  126  8:59  Siege Tank  
  122  9:13  Marine x6  
  122  9:16  Marine  
  129  9:22  Viking x2  
  128  9:31  Siege Tank  
  125  9:41  Marine  
  125  9:46  Marine  
  125  9:48  Marine  
  125  9:49  Marine  
  125  9:50  Marine  
  117  9:53  Marine  
  109  10:00  Marine  
  109  10:01  Marine x5  
  109  10:03  Marine  
  109  10:04  Siege Tank, Medivac x2  
  109  10:05  Factory Tech Lab  
  109  10:06  Marine  
  109  10:07  Marine  
  112  10:13  Command Center  
  113  10:16  Marine  
  113  10:20  Marine  
  115  10:25  Marine x2  
  115  10:29  Marine  
  115  10:30  Marine x6  
  115  10:31  Siege Tank  
  115  10:34  Marine  
  124  10:36  Siege Tank  
  124  10:38  Marine  
  127  10:43  Marine x2  
  127  10:45  Supply Depot x2  
  127  10:46  Medivac, Viking  
  127  10:47  Marine  
  127  10:48  Marine x2  
  136  10:53  Marine  
  125  11:03  Siege Tank  
  125  11:04  Marine x3  
  115  11:15  Marine x7  
  115  11:16  Marine  
  118  11:21  Marine  
  118  11:22  Marine x2  
Show
View Real Time Build Order
Export as new Build Order

Wahaja Terran 

Build Orders: Reaper Expand, Bio Tank 

Get SALT Encoding   

  12  0:06  SCV  
  13  0:18  SCV  
  14  0:22  Supply Depot  
  14  0:30  SCV  
  15  0:44  SCV  
  15  0:47  Barracks  
  16  0:50  Refinery  
  16  0:56  SCV  
  17  1:08  SCV  
  18  1:20  SCV  
  19  1:34  Orbital Command  
  19  1:35  Reaper  
  20  1:46  Command Center  
  20  1:52  Supply Depot  
  20  2:04  SCV  
  21  2:09  Marine  
  22  2:15  Factory  
  22  2:17  SCV  
  23  2:26  Refinery  
  23  2:28  Barracks Reactor  
  23  2:29  SCV  
  24  2:41  SCV  
  25  2:53  SCV  
  26  3:03  Starport  
  26  3:05  SCV  
  28  3:06  Marine x2  
  28  3:08  Factory Tech Lab  
  28  3:10  Orbital Command  
  28  3:17  SCV  
  29  3:24  Supply Depot  
  29  3:26  Marine x2  
  31  3:29  SCV  
  31  3:32  Siege Tank  
  34  3:36  SCV  
  35  3:41  SCV  
  35  3:44  Marine x2  
  38  3:49  Medivac  
  38  3:53  SCV, Supply Depot  
  38  3:55  SCV  
  42  4:05  SCV  
  42  4:09  Barracks  
  43  4:10  Barracks  
  43  4:12  Siege Tank  
  43  4:13  SCV  
  43  4:16  Refinery  
  43  4:17  Marine  
  47  4:18  SCV  
  49  4:25  SCV  
  49  4:29  Marine  
  51  4:32  SCV  
  51  4:34  Engineering Bay  
  52  4:42  Marine  
  52  4:43  Medivac  
  54  4:45  SCV  
  54  4:47  Marine, SCV  
  55  5:00  Marine x2  
  55  5:03  SCV  
  55  5:05  Marine  
  55  5:06  Marine  
  60  5:12  Siege Tank  
  61  5:25  Marine  
  62  5:28  Refinery  
  62  5:29  Supply Depot  
  62  5:30  Command Center, Supply Depot  
  62  5:32  Barracks Reactor  
  62  5:33  Marine, Medivac, Barracks Tech Lab, SCV  
  66  5:37  Barracks  
  66  5:43  Marine  
  66  5:44  Siege Tank  
  70  5:51  Marine  
  70  5:54  SCV  
  72  5:58  Supply Depot  
  72  6:00  Marine, Supply Depot  
  72  6:03  Marine  
  74  6:05  Supply Depot  
  74  6:07  Supply Depot  
  74  6:09  Marine x2  
  76  6:13  Marine  
  77  6:18  Marine  
  77  6:20  Marine  
  79  6:26  Marine  
  79  6:27  Marine  
  81  6:37  Marine x2  
  81  6:38  Marine  
  81  6:39  Starport Reactor  
  80  6:40  Barracks Reactor  
  80  6:41  Barracks  
  80  6:44  Marine, Stimpack  
  80  6:45  Marine  
  76  6:54  Marine  
  76  6:55  Marine, Siege Tank  
  76  6:56  Marine  
  72  7:11  Marine x2  
  72  7:12  Marine  
  72  7:13  Marine  
  72  7:14  Marine  
  77  7:19  SCV  
  77  7:20  SCV  
  79  7:24  Medivac  
  79  7:26  Medivac  
  79  7:29  Marine x2  
  84  7:30  Marine  
  84  7:31  SCV  
  84  7:32  SCV, Terran Infantry Weapons Level 1  
  88  7:37  Supply Depot  
  88  7:42  Orbital Command  
  88  7:43  SCV  
  89  7:48  SCV  
  90  7:55  Marine x2  
  90  7:56  SCV  
  90  7:57  Barracks Reactor  
  93  8:01  SCV  
  93  8:05  Armory  
  94  8:08  SCV  
  94  8:09  Engineering Bay  
  94  8:10  Marine  
  94  8:11  Medivac  
  94  8:12  SCV  
  99  8:16  Siege Tank  
  99  8:18  Marine  
  102  8:22  SCV x2  
  102  8:24  Marine, SCV  
  102  8:25  Marine  
  107  8:34  SCV  
  108  8:40  Marine  
  108  8:42  Medivac x2  
  108  8:45  Combat Shields  
  112  8:52  Marine  
  112  8:54  SCV  
  111  9:10  Marine x9  
  111  9:11  Siege Tank  
  123  9:27  Marine  
  123  9:28  Marine x5  
  112  9:39  Marine x2  
  112  9:40  Marine  
  108  9:45  Marine x2  
  108  9:50  SCV  
  83  10:06  Marine x9  
  82  10:07  Siege Tank, Medivac x2  
  88  10:24  Marine x9, SCV  
  88  10:25  SCV x2  
  95  10:37  SCV x3  
  95  10:41  Marine  
  95  10:42  Marine x8  
  106  10:49  SCV x2  
  91  10:59  Marine x3  
  91  11:01  SCV  
  85  11:07  Marine x6  
  86  11:17  Marine x3  
  86  11:24  Marine  
  86  11:25  Marine x5  
Tags
 
Add a new tag
Caveats
  • Supply blocks, unpowered buildings, or Contaminate may cause inaccurate times.
  • Supply counts are checked every 10 seconds.